cohdb
Replays
Latest Replays
All Replays
Popular Replays
Top Player Replays
Match Explorer
How It Works
Community
CoH3 Stats
Reddit
Sign in to upload your games and track your stats! →
Sign in with Steam
Match 38777968
Unlisted
Match 38777968
Overview
Messages
Build Orders
End
Selects Armored Battlegroup
Selects Assault Engineers
Assault Engineer Squad
Assault Engineer Squad
Construct Weapon Support Center
M1919 Machine Gun Team
Assault Engineer Squad
Assault Engineer Squad
.30 cal Machine Gun
Air Support Center
.30 cal Machine Gun
Selects Strength in Steel
Air Supply
Double Sortie
Bazooka Squad
P-47 Strafing Run
.30 cal Machine Gun
Mortar Pit
M1919 Machine Gun Team
P-47 Strafing Run
Selects M8 Scott SPG
Selects UNKNOWN (2160077)
Construct Tank Depot
P-47 Dive Bomb
M3 Armored Personnel Carrier
P-47 Strafing Run
P-47 Dive Bomb
M1919 Machine Gun Team
M18 Hellcat Tank Destroyer
Selects Field Repairs
NourS^^
finneranbilly
Epouvente
squashy
Nele
Mael Radec
0
0
Comments
sign in to comment!
No comments posted yet!